 Dungeon Crawl Stone Soup version 0.28.0-53-g5a82cb258f (webtiles) character file.

Game seed: 10658336747712288963

27 Sin92 the Skirmisher (level 2, -9/24 HPs)
             Began as a Demonspawn Fighter on June 27, 2022.
             Mangled by an ogre
             ... wielding a +0 giant spiked club
              (19 damage)
             ... on level 2 of the Dungeon.
             The game lasted 00:00:21 (415 turns).

Sin92 the Skirmisher (Demonspawn Fighter)            Turns: 415, Time: 00:00:22

Health: -9/24      AC: 12    Str: 16    XL:     2   Next: 93%
Magic:  2/2        EV:  9    Int:  9    God:
Gold:   25         SH:  4    Dex: 12    Spells: 1/1 levels left

rFire   . . .      SeeInvis .   a - +0 long sword
rCold   . . .      Faith    .   c - +0 buckler
rNeg    . . .      Spirit   .   b - +0 scale mail
rPois   .          Reflect  .   (no helmet)
rElec   .          Harm     .   (no cloak)
rCorr   .          Rampage  .   (no gloves)
Will    .....                   (no boots)
Stlth   ..........              (no amulet)
HPRegen 0.08/turn               (no ring)
MPRegen 0.08/turn               (no ring)

@: mighty, sanguine armoured
A: sanguine armour 1
a: no special abilities


You were on level 2 of the Dungeon.
You visited 1 branch of the dungeon, and saw 2 of its levels.

You collected 25 gold pieces.

Inventory:

Hand Weapons
 a - a +0 long sword (weapon)
Armour
 b - a +0 scale mail (worn)
 c - a +0 buckler (worn)
Potions
 e - a potion of curing {unknown}
 f - a potion of magic {unknown}
 g - a potion of attraction {unknown}


   Skills:
 + Level 3.1 Fighting
 * Level 2.3 Long Blades
 + Level 2.9 Armour
 + Level 0.6 Dodging
 + Level 2.9 Shields


You had one spell level left.
You didn't know any spells.
Your spell library contained the following spells:

 Spells                   Type           Power      Damage    Failure   Level
 Stone Arrow              Conj/Erth      0%         3d7       99%         3
 Animate Armour           Summ/Erth      0%         N/A       100%        4
 Lehudib's Crystal Spear  Conj/Erth      0%         10d2      100%        8


Dungeon Overview and Level Annotations

Branches:
Dungeon (1/15)

Altars:


Innate Abilities, Weirdness & Mutations

When seriously injured, your blood forms armour. (AC +6)


Message History

No target in view!
Unknown command.
A giant cockroach comes into view.
The giant cockroach moves out of view.
No target in view!
Unknown command.
Unknown command.
A giant cockroach is nearby!
You hit the giant cockroach but do no damage.
The giant cockroach closely misses you.
A giant cockroach is nearby!
You closely miss the giant cockroach. You block the giant cockroach's attack.
The giant cockroach bites you but does no damage.
A giant cockroach is nearby!
You closely miss the giant cockroach. The giant cockroach barely misses you.
Unknown command.
Unknown command.
A giant cockroach is nearby!
You slash the giant cockroach!
You kill the giant cockroach!
Unknown command.
An ogre comes into view. It is wielding a +0 giant spiked club.
An ogre is nearby!
Unknown command.
Found an escape hatch in the ceiling.
Unknown command.
An ogre is nearby!
The ogre hits you with a +0 giant spiked club!
Ouch! That really hurt!
Your blood congeals into armour.
Unknown command.
An ogre is nearby!
You are too injured to fight recklessly!
You feel very mighty all of a sudden. The ogre barely misses you.
You hit the ogre.
The ogre is lightly wounded.
The ogre hits you with a +0 giant spiked club!!
Ouch! That really hurt!
You die...

#..#..#..#..##
# #.
##...###...##
#... ##.##
##.## ###.
##...###...####
#.
#..#.....#.^...
#.
#.###...###....
...
#..#.....#.....
...
##...#.........
##
#####.@.......
. #.O....... .
#.........
#.........
#.........
###.......
...<..# .......


You could see an ogre.

Vanquished Creatures
  An adder (D:2)
  4 endoplasms
  A giant cockroach (D:2)
  A goblin (D:1)
  3 hobgoblins
  2 kobolds
  A quokka (D:2)
  A ball python (D:1)
  A rat (D:1)
15 creatures vanquished.

Notes
Turn   | Place    | Note
-------+----------+-------------------------------------------
     0 | D:1      | Sin92 the Demonspawn Fighter began the quest for the Orb.
     0 | D:1      | Reached XP level 1. HP: 18/18 MP: 1/1
   109 | D:1      | Gained mutation: When seriously injured, your blood forms
                  | armour. (AC +6) [demonic ancestry]
   109 | D:1      | Reached XP level 2. HP: 24/24 MP: 2/2
   151 | D:1      | You fall into a shaft and drop 1 floor!
   410 | D:2      | Noticed an ogre
   415 | D:2      | Mangled by an ogre

Illustrated notes

Levels and vault maps discovered:
D:1:      mrwooster_arrival_arrow, layout_basic
D:2:      layout_basic, shapermc_ecumenical_altar_mp_urbaneastern, serial_glass,
          glass_columns_a, glass_columns_c, item_on_display_a,
          minmay_strange_pillars

Skill      XL: |  1 |
---------------+----+-----
Long Blades    | 2 |  2.3
Fighting       | |  3.1
Armour         | |  2.9
Dodging        | |  0.6
Shields        | |  2.9

Action                   || total
-------------------------++-------
Melee: Long sword        ||    35
  Use: Potion            ||     1
Armor: Scale mail        ||     9
Dodge: Dodged            ||    14
Block: Buckler           ||     6
